 Dungeon Crawl Stone Soup version 0.30-a0-465-g8901f6c8b5 (webtiles) character file.

Game seed: 5533258683369662311

2628 tilp the Carver (level 10, -14/83 HPs)
             Began as a Meteoran Fighter on Dec 18, 2022.
             Was a Follower of Okawaru.
             Demolished by a two-headed ogre
             ... wielding a +0 giant club
              (23 damage)
             ... on level 8 of the Dungeon.
             The game lasted 00:14:46 (3196 turns).

tilp the Carver (Meteoran Fighter)                  Turns: 3196, Time: 00:14:46

Health: -14/83     AC: 10    Str: 24    XL:     10   Next: 14%
Magic:  12/12      EV: 12    Int: 10    God:    Okawaru [*.....]
Gold:   261        SH:  5    Dex: 18    Spells: 9/9 levels left

rFire   . . .      SeeInvis .    a - +0 long sword
rCold   . . .      Faith    .    c - +0 buckler
rNeg    . . .      Spirit   .    i - +0 chain mail
rPois   +          Reflect  .    (no helmet)
rElec   .          Harm     .    (no cloak)
rCorr   .          Rampage  .    k - +0 pair of gloves
Will    +....                    (no boots)
Stlth   ..........               (no amulet)
HPRegen 0.33/turn                g - ring of poison resistance
MPRegen 0.13/turn                x - +6 ring of strength

@: glowing
A: sense surroundings 2, otherworldly, glowing, explore regen
a: Renounce Religion, Heroism


You were on level 8 of the Dungeon.
You worshipped Okawaru.
Okawaru was aware of your devotion.
You visited 2 branches of the dungeon, and saw 9 of its levels.

You collected 261 gold pieces.

Inventory:

Hand Weapons
 a - a +0 long sword (weapon)
Missiles
 e - 6 poisoned darts (quivered)
Armour
 b - a +0 scale mail
 c - a +0 buckler (worn)
 i - a +0 chain mail (worn)
 k - a +0 pair of gloves (worn)
 B - a +0 plate armour
Jewellery
 d - a ring of magical power
 g - a ring of poison resistance (left hand)
 n - a ring of see invisible
 r - a ring of wizardry
 x - a +6 ring of strength (right hand)
Wands
 y - a wand of flame (34)
 A - a wand of mindburst (3)
Scrolls
 l - a scroll of magic mapping
Potions
 h - 2 potions of heal wounds
 m - a potion of berserk rage {unknown}
 o - 3 potions of attraction
 q - 2 potions of curing
 s - a potion of resistance {unknown}
 t - a potion of might
 w - a potion of cancellation {unknown}
 z - a potion of brilliance {unknown}
 C - 3 potions of ambrosia


   Skills:
 + Level 6.3 Fighting
 + Level 8.3 Long Blades
 + Level 2.8 Throwing
 + Level 4.5 Armour
 + Level 8.3 Dodging
 - Level 4.0 Stealth
 - Level 4.0 Shields
 + Level 2.0 Invocations
 + Level 1.7 Evocations


You had 9 spell levels left.
You didn't know any spells.
Your spell library contained the following spells:

 Spells                   Type           Power      Damage    Failure   Level
 Dazzling Flash           Conj/Hex       0%         N/A       100%        3
 Stone Arrow              Conj/Erth      0%         3d7       100%        3
 Iskenderun's Mystic Bla  Conj/Tloc      0%         2d3       100%        4
 Olgreb's Toxic Radiance  Pois           0%         N/A       100%        4
 Sticky Flame             Conj/Fire      0%         2d3       100%        4
 Starburst                Conj/Fire      0%         6d3       100%        6
 Ozocubu's Refrigeration  Ice            0%         4d7       100%        7
 Ignition                 Fire           0%         3d3       100%        8


Dungeon Overview and Level Annotations

Branches:
Dungeon (8/15) Zot: 1538   Temple (1/1) D:7 Zot: 577
   Lair: D:8-11

Altars:
Cheibriados
Fedhas
Gozag
Kikubaaqudgha
Makhleb
Okawaru
Ru
Sif Muna
Trog
Vehumet
Xom
Yredelemnul
Zin
The Shining One


Innate Abilities, Weirdness & Mutations

You passively map the area around you.
You are easily found by Zot.
You glow in the dark.
You regain HP and MP as you explore.


Message History

Press: ? - help, Shift-Dir - straight line, f - two-headed ogre
Aim: a two-headed ogre, wielding two +0 giant clubs (chance to affect: 55%)
The two-headed ogre's minds are blasted!
The two-headed ogre barely misses you. You block the two-headed ogre's attack.
Unknown command.
Aiming: Mindburst
Press: ? - help, Shift-Dir - straight line, f/p - two-headed ogre
Aim: a two-headed ogre, wielding two +0 giant clubs (moderately wounded, chance to affect: 55%)
The two-headed ogre's minds are blasted!!
The two-headed ogre barely misses you. You block the two-headed ogre's attack.
Unknown command.
Aiming: Mindburst
Press: ? - help, Shift-Dir - straight line, f/p - two-headed ogre
Aim: a two-headed ogre, wielding two +0 giant clubs (severely wounded, chance to affect: 55%)
The two-headed ogre resists with significant effort.
Unknown command.
Aiming: Mindburst
Press: ? - help, Shift-Dir - straight line, f/p - two-headed ogre
Aim: a two-headed ogre, wielding two +0 giant clubs (severely wounded, chance to affect: 55%)
The two-headed ogre's minds are blasted!
Unknown command.
Aiming: Mindburst
Press: ? - help, Shift-Dir - straight line, f/p - two-headed ogre
Aim: a two-headed ogre, wielding two +0 giant clubs (severely wounded, chance to affect: 55%)
The two-headed ogre resists with significant effort.
The two-headed ogre barely misses you.
The two-headed ogre hits you with a +0 giant club!
The two-headed ogre hits you with a +0 giant club!!
* * * LOW HITPOINT WARNING * * *
You block the two-headed ogre's attack.
Aiming: Mindburst
Press: ? - help, Shift-Dir - straight line, f/p - two-headed ogre
Aim: a two-headed ogre, wielding two +0 giant clubs (severely wounded, chance to affect: 55%)
The two-headed ogre resists with significant effort.
The two-headed ogre hits you with a +0 giant club!
* * * LOW HITPOINT WARNING * * *
The two-headed ogre hits you with a +0 giant club.
* * * LOW HITPOINT WARNING * * *
The two-headed ogre hits you with a +0 giant club!!
You die...

...###.##......#
.......##......#
...#......###.##
......###.###.# ##########*
....###*#...#.# #.........
..... ####...## #.....$...*
...###......#..###.........*
.### *#####.....O#.........
#* ###...@O......... *
#.####......../ * * #.#
#......... , , ,..#
#.........* * ####
#......... #.........
##########


You could see 2 two-headed ogres.

Vanquished Creatures
  2 wyverns (D:7)
  A steam dragon (D:6)
  Menkaure (D:7)
  An acid dragon (D:7)
  3 water moccasins
  2 black bears
  An ice beast (D:6)
  3 phantoms
  5 bullfrogs
  2 necrophages
  A scorpion (D:5)
  2 jellies
  2 hounds
  5 orc priests
  4 orc wizards
  6 iguanas
  3 gnolls (D:8)
  5 adders
  A shadow imp (D:7)
  2 white imps
  2 ufetubi (D:4)
  2 worms (D:4)
  9 orcs
  4 endoplasms
  A giant cockroach (D:4)
  5 goblins
  3 hobgoblins
  6 jackals
  3 kobolds
  2 ball pythons
  A bat (D:1)
  A frilled lizard (D:3)
  A rat (D:1)
92 creatures vanquished.

Vanquished Creatures (others)
  An orc wizard (D:5)
1 creature vanquished.

Grand Total: 93 creatures vanquished

Notes
Turn   | Place    | Note
-------+----------+-------------------------------------------
     0 | D:1      | tilp the Meteoran Fighter began the quest for the Orb.
     0 | D:1      | Reached XP level 1. HP: 19/19 MP: 2/2
    42 | D:1      | Reached skill level 1 in Dodging
    42 | D:1      | Reached XP level 2. HP: 23/26 MP: 3/3
   194 | D:3      | Reached XP level 3. HP: 27/31 MP: 4/4
   194 | D:3      | Reached XP level 4. HP: 33/38 MP: 5/5
   210 | D:3      | Found a radiant altar of Vehumet.
   310 | D:3      | Found a sacrificial altar of Ru.
   311 | D:3      | Noticed a water moccasin
   321 | D:3      | Killed a water moccasin
   322 | D:3      | Reached skill level 1 in Stealth
   322 | D:3      | Reached XP level 5. HP: 35/46 MP: 6/6
   363 | D:3      | Reached XP level 6. HP: 31/52 MP: 7/7
   389 | D:3      | Found a shimmering altar of Xom.
   502 | D:5      | Entered Level 5 of the Dungeon
   510 | D:4      | Noticed a black bear
   537 | D:4      | Killed a black bear
   538 | D:4      | Reached skill level 1 in Throwing
   538 | D:4      | Reached XP level 7. HP: 34/59 MP: 8/8
   936 | D:4      | Reached XP level 8. HP: 56/67 MP: 9/9
  1249 | D:5      | Reached skill level 5 in Fighting
  1249 | D:5      | Reached skill level 5 in Long Blades
  1249 | D:5      | Reached skill level 5 in Dodging
  1384 | D:5      | Found an opulent altar of Gozag.
  1940 | D:6      | Gained mutation: You passively map the area around you.
                  | [Meteoran growth]
  1940 | D:6      | Reached XP level 9. HP: 62/75 MP: 10/10
  2690 | D:7      | Noticed Menkaure
  2885 | D:7      | Found a staircase to the Ecumenical Temple.
  2904 | Temple   | Entered the Ecumenical Temple
  2913 | Temple   | Became a worshipper of Warmaster Okawaru
  2944 | D:7      | Killed Menkaure
  2948 | D:7      | HP: 2/75 [wyvern (7)]
  2982 | D:7      | Reached skill level 1 in Invocations
  3007 | D:6      | Reached skill level 1 in Evocations
  3007 | D:6      | Reached XP level 10. HP: 20/83 MP: 11/11
  3048 | D:7      | Reached * piety under Okawaru
  3184 | D:8      | Got Wioret's Monograph on the Metallic Pyre
  3185 | D:8      | Noticed a two-headed ogre
  3185 | D:8      | Noticed a two-headed ogre
  3196 | D:8      | Demolished by a two-headed ogre

Illustrated notes

Levels and vault maps discovered:
D:1:      reono_arrival_forest_river, layout_loops_ring
D:2:      layout_loops_ring, hellmonk_ecumenical_altar_zigzags,
          minmay_splitting_lines, uniq_natasha
D:3:      layout_basic, nicolae_qazlal_eye_of_the_storm,
          mainiacjoe_overflow_cross_hatched, nicolae_vehumet_radiance,
          chequers_temple_overflow_minitemple, overflow_temple_1_default
D:4:      layout_loops_ring, grunt_decor_cap
D:5:      layout_loops_ring, mainiacjoe_overflow_surrounded_room
D:6:      layout_basic
D:7:      layout_rooms, minmay_temple_entry_overgrown, uniq_menkaure
D:8:      layout_rooms
Temple:   hellmonk_temple_rainy

Skill      XL: |  1  2  3  4  5  6  7  8  9 10 |
---------------+-------------------------------+-----
Dodging        | 1 2 3 4 6 8 |  8.3
Long Blades    | 3 4 6 8 |  8.3
Armour         | 4 |  4.5
Stealth        | 1 2 3 4 |  4.0
Shields        | 4 |  4.0
Fighting       | 4 5 6 |  6.3
Throwing       | 1 2 |  2.8
Invocations    | 1 2 |  2.0
Evocations     | 1 |  1.7

Action                   |  1- 3 |  4- 6 |  7- 9 | 10-12 || total
-------------------------+-------+-------+-------+-------++-------
Melee: Long sword        |    27 |    85 |   282 |    28 ||   422
Throw: Dart              |       |     6 |     4 |       ||    10
Evoke: Wand              |       |       |     6 |     7 ||    13
  Use: Potion            |       |     1 |     3 |       ||     4
       Scroll            |       |     1 |     7 |       ||     8
Armor: Scale mail        |     9 |    10 |       |       ||    19
       Chain mail        |       |    53 |   132 |     8 ||   193
Dodge: Dodged            |     8 |    39 |   114 |    16 ||   177
Block: Buckler           |     5 |    35 |    63 |    12 ||   115

Table legend: (Time is in decaauts)
 A = Elapsed time spent in this place.
 B = Non-inter-level travel time spent in this place.
 C = Inter-level travel time spent in this place.
 D = Time resting spent in this place.
 E = Time spent auto-exploring this place.
 F = Levels seen in this place.
 G = Mean time per level.
                   A        B        C        D        E       F      G
               +--------+--------+--------+--------+--------+-----+--------+
         Total |   3283 |   2705 |    578 |    100 |      0 |   9 |  364.8 |
       Dungeon |   3260 |   2682 |    578 |    100 |      0 |   8 |  407.5 |
        Temple |     22 |     22 |      0 |      0 |      0 |   1 |   22.0 |
               +--------+--------+--------+--------+--------+-----+--------+

Top non-repeatable levels by time:
     D:6: 1046 daAuts
     D:5: 679 daAuts
     D:4: 625 daAuts
     D:7: 360 daAuts
     D:3: 250 daAuts
     D:1: 125 daAuts
     D:8: 97 daAuts
     D:2: 74 daAuts
  Temple: 22 daAuts
